General information
- name: BNet
- type: Ladder team game (AT/RT)
- host: Battle.net
- saver: brucewillisusa
map: Mur'gulOasis
- players: 8
- length: 06:56
- speed: Fast
- version: 1.24 W3XP
- replay type: Public
» download(44 KB)
Players
team 1 (loser)

»
XxLordDiabloxX (
yellow | 60 APM | 316 actions | 05:15)
1 Archmage
1 Summon Water Elemental
» actions
| Assign group hotkey | 5 | |
| Build / train | 25 | |
| Enter build submenu | 5 | |
| Enter hero's abilities submenu | 1 | |
| Remove unit from queue | 1 | |
| Right click | 140 | |
| Select / deselect | 95 | |
| Select group hotkey | 33 | |
| Use ability | 11 | |
316 total
» units
» buildings
| Altar of Kings | 1 | |
| Barracks | 1 | |
| Farm | 3 | |
| Keep | 1 | |
6 total
» build order
00:04 Altar of Kings
00:21 Barracks
00:36 Farm
00:51 Farm
01:29 Farm
03:05 Keep
Kilo (
pink | 42 APM | 245 actions | 05:52)
1 Shadow Hunter
1 Healing Wave
» actions
| Assign group hotkey | 3 | |
| Build / train | 23 | |
| Enter build submenu | 5 | |
| Enter hero's abilities submenu | 1 | |
| Right click | 80 | |
| Select / deselect | 56 | |
| Select group hotkey | 64 | |
| Use ability | 13 | |
245 total
» units
» buildings
| Altar of Storms | 1 | |
| Orc Burrow | 2 | |
| Barracks | 1 | |
| Voodoo Lounge | 1 | |
| Stronghold | 3 | |
8 total
» build order
00:19 Altar of Storms
00:36 Orc Burrow
00:50 Barracks
01:37 Orc Burrow
01:58 Voodoo Lounge
03:02 Stronghold
03:02 Stronghold
03:02 Stronghold
All_Tht_Remains (
purple | 37 APM | 193 actions | 05:10)
1 Blood Mage
1 Flame Strike
» actions
| Build / train | 23 | |
| Enter build submenu | 9 | |
| Enter hero's abilities submenu | 1 | |
| Right click | 82 | |
| Select / deselect | 62 | |
| Use ability | 16 | |
193 total
» units
» buildings
| Altar of Kings | 1 | |
| Farm | 4 | |
| Barracks | 1 | |
| Arcane Vault | 1 | |
| Lumber Mill | 1 | |
| Keep | 3 | |
11 total
» build order
00:24 Altar of Kings
00:41 Farm
01:03 Barracks
01:21 Farm
01:52 Arcane Vault
02:04 Farm
02:53 Lumber Mill
03:00 Farm
04:03 Keep
04:04 Keep
04:04 Keep
» items
| Scroll of Regeneration | 1 | |
| Lesser Clarity Potion | 2 | |
3 total

»
DIRTYLUNCHBOX (
orange | 48 APM | 329 actions | 06:54)
2 Blademaster
1 Wind Walk
1 Critical Strike
» actions
| Basic commands | 23 | |
| Build / train | 18 | |
| Enter build submenu | 9 | |
| Enter hero's abilities submenu | 2 | |
| Right click | 178 | |
| Select / deselect | 84 | |
| Use ability | 15 | |
329 total
» units
» upgrades
» buildings
| Altar of Storms | 1 | |
| Orc Burrow | 3 | |
| Barracks | 1 | |
| Voodoo Lounge | 1 | |
| War Mill | 1 | |
| Stronghold | 1 | |
| Watch Tower | 1 | |
9 total
» build order
00:11 Altar of Storms
00:25 Orc Burrow
00:46 Barracks
01:36 Orc Burrow
01:54 Voodoo Lounge
02:26 Orc Burrow
03:53 War Mill
04:37 Stronghold
05:12 Watch Tower
» items
team 2 (winner)

»
brucewillisusa (
green | 66 APM | 460 actions | 06:56)
2 Firelord
1 Summon Lava Spawn
1 Soul Burn
» actions
| Assign group hotkey | 56 | |
| Basic commands | 21 | |
| Build / train | 27 | |
| ESC pressed | 1 | |
| Enter build submenu | 15 | |
| Enter hero's abilities submenu | 2 | |
| Right click | 146 | |
| Select / deselect | 86 | |
| Select group hotkey | 78 | |
| Use ability | 28 | |
460 total
» units
| Peasant | 8 | |
| Footman | 10 | |
| Rifleman | 2 | |
20 total
» upgrades
» buildings
| Farm | 3 | |
| Barracks | 1 | |
| Altar of Kings | 1 | |
| Lumber Mill | 2 | |
| Scout Tower | 7 | |
| Keep | 1 | |
| Guard Tower | 1 | |
| Blacksmith | 1 | |
17 total
» build order
00:14 Farm
00:25 Barracks
00:56 Farm
01:21 Altar of Kings
01:30 Lumber Mill
01:35 Farm
03:40 Scout Tower
03:40 Scout Tower
03:40 Scout Tower
04:06 Scout Tower
04:17 Keep
04:45 Guard Tower
04:48 Scout Tower
04:48 Scout Tower
04:49 Scout Tower
05:16 Blacksmith
05:45 Lumber Mill

»
altec- (
teal | 48 APM | 330 actions | 06:55)
2 Firelord
1 Summon Lava Spawn
1 Incinerate
» actions
| Assign group hotkey | 14 | |
| Basic commands | 13 | |
| Build / train | 20 | |
| Enter build submenu | 13 | |
| Enter hero's abilities submenu | 2 | |
| Right click | 72 | |
| Select / deselect | 104 | |
| Select group hotkey | 74 | |
| Use ability | 18 | |
330 total
» units
| Peasant | 7 | |
| Footman | 7 | |
| Rifleman | 1 | |
15 total
» buildings
| Altar of Kings | 1 | |
| Farm | 8 | |
| Barracks | 2 | |
| Scout Tower | 1 | |
| Arcane Tower | 1 | |
| Keep | 1 | |
| Blacksmith | 1 | |
15 total
» build order
00:11 Altar of Kings
00:20 Farm
01:10 Barracks
01:39 Farm
01:50 Barracks
01:53 Scout Tower
02:16 Farm
02:19 Farm
02:34 Arcane Tower
02:49 Farm
04:19 Farm
04:20 Keep
04:49 Blacksmith
05:25 Farm
06:06 Farm

»
Blitzman (
red | 36 APM | 246 actions | 06:55)
2 Firelord
1 Summon Lava Spawn
1 Incinerate
» actions
| Assign group hotkey | 2 | |
| Build / train | 29 | |
| Enter build submenu | 10 | |
| Enter hero's abilities submenu | 2 | |
| Right click | 81 | |
| Select / deselect | 103 | |
| Select group hotkey | 2 | |
| Use ability | 17 | |
246 total
» units
| Peasant | 8 | |
| Footman | 11 | |
| Rifleman | 4 | |
23 total
» upgrades
» buildings
| Altar of Kings | 1 | |
| Farm | 8 | |
| Barracks | 1 | |
| Lumber Mill | 1 | |
| Blacksmith | 1 | |
| Keep | 1 | |
13 total
» build order
00:10 Altar of Kings
00:14 Farm
00:25 Barracks
00:58 Farm
01:37 Farm
02:16 Lumber Mill
02:20 Farm
03:05 Blacksmith
03:42 Farm
03:43 Farm
05:01 Keep
06:09 Farm
06:10 Farm
pikartu2 (
blue | 75 APM | 520 actions | 06:55)
2 Firelord
1 Summon Lava Spawn
1 Incinerate
» actions
| Assign group hotkey | 16 | |
| Basic commands | 22 | |
| Build / train | 23 | |
| Enter build submenu | 11 | |
| Enter hero's abilities submenu | 2 | |
| Right click | 145 | |
| Select / deselect | 117 | |
| Select group hotkey | 153 | |
| Use ability | 31 | |
520 total
» units
» buildings
| Altar of Kings | 1 | |
| Farm | 2 | |
| Barracks | 1 | |
| Scout Tower | 4 | |
| Lumber Mill | 1 | |
| Arcane Tower | 2 | |
| Keep | 1 | |
| Guard Tower | 2 | |
| Blacksmith | 1 | |
15 total
» build order
00:08 Altar of Kings
00:17 Farm
00:57 Barracks
01:06 Scout Tower
01:26 Lumber Mill
02:17 Farm
02:19 Arcane Tower
03:36 Scout Tower
04:18 Arcane Tower
04:30 Keep
05:06 Scout Tower
05:09 Scout Tower
05:34 Guard Tower
06:38 Guard Tower
06:42 Blacksmith
Chat log
(00:08 / Allies) brucewillisusa: u gusy wanna do a 4x firelord rush?
(00:16 / Allies) Blitzman: sure i wuld
(00:20 / Allies) brucewillisusa: ll have to agree
(00:21 / Allies) brucewillisusa: all*
(00:36 / Allies) brucewillisusa: k i guess not
(00:37 / Allies) Blitzman: blue and teal?
(00:39 / Allies) altec-: If you guys wana do it, its fine
(00:45 / Allies) Blitzman: blueee??
(00:47 / Allies) pikartu2: ok.....
(00:49 / Allies) brucewillisusa: we need 3+ firelords
(00:50 / Allies) Blitzman: nice lol
(00:51 / Allies) brucewillisusa: 2 is worthless
(00:59 / Allies) Blitzman: they said yes
(01:01 / Allies) brucewillisusa: u choose the summon ability
(01:02 / Allies) brucewillisusa: ok
(01:04 / Allies) brucewillisusa: all get firelord
(01:05 / Allies) brucewillisusa: mass tier 1
(01:08 / Allies) brucewillisusa: when tiem comes we hit one base
(01:11 / Allies) brucewillisusa: and keep sending tier 1
(01:35 / Allies) altec-: can you share with us red^
(01:43 / Allies) Blitzman: yesd
(01:44 / Allies) altec-: thanks
(02:02 / Allies) brucewillisusa: theres our target
(02:06 / Allies) Blitzman: k
(02:28 / Allies) brucewillisusa: meet
(02:30 / Allies) Blitzman: blue
(02:31 / Allies) Blitzman: get
(02:39 / Allies) brucewillisusa: bring all units
(02:39 / Allies) brucewillisusa: now
(02:41 / Allies) brucewillisusa: spend all gold
(02:43 / Allies) brucewillisusa: keep sending
(02:44 / Allies) brucewillisusa: gogogogo
(03:05 / Allies) brucewillisusa: gogogogo
(03:08 / Allies) brucewillisusa: summon
(03:09 / Allies) brucewillisusa: now
(03:14 / Allies) brucewillisusa: GO
(03:16 / Allies) brucewillisusa: GO
(03:19 / Allies) brucewillisusa: GO
(03:52 / Allies) brucewillisusa: NO UNITS...
(04:28 / Allies) Blitzman: own
(04:28 / Allies) brucewillisusa: K GET RIFLES/RANGED NEST
(04:29 / Allies) Blitzman: sick idea
(04:31 / Allies) brucewillisusa: SO AIR DOESNT OWN US
(04:38 / Allies) Blitzman: ill go rifles
(04:39 / All) All_Tht_Remains: good start
(04:43 / All) Kilo: FOR FUCKS SAKE
(04:45 / All) Kilo: CALL TO ARMS
(04:48 / All) Kilo: U FUCKING SCRUB
(04:50 / All) All_Tht_Remains: pink its fucking over
(04:52 / All) Blitzman: KEKEKE
(04:55 / All) brucewillisusa: he coulda called to arms
(04:57 / All) brucewillisusa: but we coulda massed better
(04:59 / All) brucewillisusa: its a good strat
(05:05 / All) All_Tht_Remains: indeed
(05:06 / All) Kilo: holy balls thats a fucking joke
(05:07 / All) All_Tht_Remains: props
(05:15 / All) Kilo: meanwhile oj is jerking off up top
(05:17 / All) Blitzman: thank green
(05:18 / All) Blitzman: for idea
(05:25 / Allies) brucewillisusa: u see this in AT sometimes
(05:28 / Allies) brucewillisusa: hard as hell to stop
(05:32 / Allies) brucewillisusa: unless u mass tower at start or soemthing
(05:33 / Allies) Blitzman: yeah
(05:47 / All) Kilo: yeah oj ur gonna win with that one tower gj
(06:00 / Allies) Blitzman: next
(06:37 / All) Blitzman: orange leave dumbas